 Dungeon Crawl Stone Soup version 0.29.1-2-gbd0b4ee654 (webtiles) character file.

Game seed: 1249934488824363933

21 llahlahkje the Magician (level 2, -1/19 HPs)
             Began as a Demonspawn Wanderer on Nov 16, 2022.
             Was a Follower of Kikubaaqudgha.
             Slain by Sigmund
             ... wielding a +0 scythe
              (4 damage)
             ... on level 2 of the Dungeon.
             The game lasted 00:06:31 (1048 turns).

llahlahkje the Magician (Demonspawn Wanderer)       Turns: 1048, Time: 00:06:32

Health: -1/19      AC:  3    Str: 10    XL:     2   Next: 65%
Magic:  3/6        EV: 12    Int: 11    God:    Kikubaaqudgha [*.....]
Gold:   39         SH:  0    Dex: 16    Spells: 5/7 levels left

rFire   . . .      SeeInvis .   a - +1 dagger
rCold   . . .      Faith    .   (no shield)
rNeg    . . .      Spirit   .   d - +1 robe
rPois   .          Reflect  .   (no helmet)
rElec   .          Harm     .   (no cloak)
rCorr   .          Rampage  .   (no gloves)
Will    .....                   (no boots)
Stlth   ++........              (no amulet)
HPRegen 0.06/turn               (no ring)
MPRegen 0.10/turn               (no ring)

@: no status effects
A: foul stench 1
a: Renounce Religion, Unearth Wretches


You were on level 2 of the Dungeon.
You worshipped Kikubaaqudgha.
Kikubaaqudgha was aware of your devotion.
You visited 1 branch of the dungeon, and saw 2 of its levels.

You collected 39 gold pieces.

Inventory:

Hand Weapons
 a - a +1 dagger (weapon)
Missiles
 k - 2 throwing nets
Armour
 d - a +1 robe (worn)
 e - a +2 buckler
Wands
 b - a wand of polymorph (7)
Scrolls
 l - a scroll of teleportation
Potions
 c - a potion of lignification
 f - a potion of heal wounds {unknown}
 g - a potion of curing {unknown}
 h - a potion of attraction {unknown}
 i - a potion of resistance {unknown}
 j - a potion of degeneration {unknown}


   Skills:
 + Level 0.3 Short Blades
 + Level 1.0 Dodging
 + Level 0.2 Stealth
 + Level 2.8 Shields
 + Level 3.3 Spellcasting
 * Level 0.6 Necromancy
 + Level 3.2 Evocations


You had 5 spell levels left.
You knew the following spells:

 Your Spells              Type           Power      Damage    Failure   Level
a - Magic Dart            Conj           4%         1d3       26%         1
b - Necrotise             Necr           12%        1d4       21%         1

Your spell library contained the following spells:

 Spells                   Type           Power      Damage    Failure   Level
 Sublimation of Blood     Necr           3%         N/A       30%         2
 Dazzling Flash           Conj/Hex       2%         N/A       61%         3
 Gell's Gravitas          Tloc           1%         N/A       61%         3
 Lesser Beckoning         Tloc           1%         N/A       61%         3
 Teleport Other           Tloc           1%         N/A       61%         3
 Animate Dead             Necr           3%         N/A       89%         4
 Anguish                  Hex/Necr       1%         N/A       92%         4


Dungeon Overview and Level Annotations

Branches:
Dungeon (2/15)

Altars:
Kikubaaqudgha

Annotations:
D:2 Sigmund


Innate Abilities, Weirdness & Mutations

You may rarely emit foul miasma when damaged in melee.


Message History

Nothing appears to happen.
Sigmund misses you. Sigmund barely misses you.
You hit Sigmund.
Sigmund is lightly wounded.
You hit Sigmund but do no damage.
Sigmund is lightly wounded.
Sigmund barely misses you.
You hit Sigmund but do no damage.
Sigmund is lightly wounded.
You hit Sigmund.
Sigmund is moderately wounded.
Sigmund closely misses you.
You hit Sigmund.
Sigmund is moderately wounded.
Sigmund hits you with a +0 scythe!
Ouch! That really hurt!
You hit Sigmund but do no damage.
Sigmund is moderately wounded.
Your magical contamination has completely faded away.
You barely miss Sigmund.
Sigmund is moderately wounded.
Sigmund gestures at you while chanting. You resist with significant effort.
You closely miss Sigmund.
Sigmund is moderately wounded.
Sigmund hits you with a +0 scythe.
* * * LOW HITPOINT WARNING * * *
You barely miss Sigmund.
Sigmund is moderately wounded.
Sigmund completely misses you.
You hit Sigmund.
Sigmund is moderately wounded.
You hit Sigmund.
Sigmund is heavily wounded.
Sigmund mumbles some strange words.
Sigmund flickers and vanishes!
Deactivating autopickup; reactivate with Ctrl-A.
You barely miss something. Your punch misses something. Something hits you.
You die...
Kikubaaqudgha rasps: "You have failed me!
Welcome... death!"

####...........#.
#.............
#......#.#..## #
###.........# #.##
#...>..#.... ...
###...###### #####.###
#...# #.......### #...#
#
....###@..#####...######
. #{#..............#
#.................
#.......#..............#
#####..##.#####...######
##. #.# #...# # ## ..#
#...# # #### #.....#
.......#


There were no monsters in sight!

Vanquished Creatures
  A dart slug (D:1)
  A ball python (D:1)
  A bat (D:1)
  An endoplasm (D:2)
  A giant cockroach (D:1)
  3 goblins
  A hobgoblin (D:1)
  2 jackals (D:1)
  A quokka (D:1)
  2 kobolds
  2 rats (D:1)
16 creatures vanquished.

Notes
Turn   | Place    | Note
-------+----------+-------------------------------------------
     0 | D:1      | llahlahkje the Demonspawn Wanderer began the quest for the
                  | Orb.
     0 | D:1      | llahlahkje set off with the following items: a +0 dagger, a
                  | wand of polymorph (7), a potion of lignification, a +0
                  | robe, a +2 buckler; and the following spell memorised:
                  | Magic Dart; and the following spells available to memorise:
                  | Dazzling Flash.
     0 | D:1      | Reached XP level 1. HP: 13/13 MP: 4/4
   410 | D:1      | Noticed a shining eye
   438 | D:1      | Noticed a shining eye
   441 | D:1      | Found a faded altar of an unknown god.
   443 | D:1      | Noticed a golden eye
   446 | D:1      | Noticed a floating eye
   451 | D:1      | Prayed at the altar of an unknown god.
   451 | D:1      | Became a worshipper of Kikubaaqudgha
   451 | D:1      | Reached * piety under Kikubaaqudgha
   451 | D:1      | Received a gift from Kikubaaqudgha
   463 | D:1      | Learned a level 1 spell: Necrotise
   600 | D:1      | Gained mutation: You may rarely emit foul miasma when
                  | damaged in melee. [demonic ancestry]
   600 | D:1      | Reached XP level 2. HP: 19/19 MP: 1/6
  1026 | D:2      | Noticed Sigmund
  1048 | D:2      | Slain by Sigmund

Illustrated notes

Levels and vault maps discovered:
D:1:      dpeg_arrival_prison, layout_loops_ring,
          hellmonk_ecumenical_altar_watching_god
D:2:      layout_loops_cross, hangedman_glass_teeth, uniq_natasha, uniq_sigmund,
          uniq_crazy_yiuf_cottage

Action                   || total
-------------------------++-------
Melee: Dagger            ||    60
 Cast: Necrotise         ||    19
       Magic Dart        ||     3
  Use: Scroll            ||     5
 Stab: Sleeping          ||     1
Armor: Robe              ||    20
Dodge: Dodged            ||    38
Block: Buckler           ||     6
